 Dungeon Crawl Stone Soup version 0.23.2-33-g5129a83184 (webtiles) character file.

Game seed: 3770971587021987602

324 Felnil the Skirmisher (level 6, -3/51 HPs)
             Began as a Mummy Fighter on Aug 7, 2019.
             Was a Follower of Nemelex Xobeh.
             Slain by an orc warrior
             ... wielding a +0 halberd
              (21 damage)
             ... on level 4 of the Dungeon.
             The game lasted 00:07:53 (2919 turns).

Felnil the Skirmisher (Mummy Fighter)               Turns: 2919, Time: 00:07:54

Health: -3/51      AC:  9    Str: 21    XL:     6   Next: 23%
Magic:  6/6        EV:  7    Int:  7    God:    Nemelex Xobeh [*.....]
Gold:   98         SH:  9    Dex: 12    Spells: 5/5 levels left

rFire    x . .     SeeInvis .   a - +0 war axe
rCold    + . .     Gourm    .   c - +0 shield
rNeg     + + +     Faith    .   b - +0 scale mail
rPois    ∞         Spirit   .   (no helmet)
rElec    .         Reflect  .   (no cloak)
rCorr    .         Harm     .   g - +1 pair of gloves
MR       .....                  (no boots)
Stlth    ..........             (no amulet)
HPRegen  0.17/turn              (no ring)
MPRegen  0.10/turn              (no ring)

@: no status effects
A: no food or potions, fire vulnerability, cold resistance 1, negative energy
resistance 3, torment resistance, unbreathing
a: Draw Escape, Draw Destruction, Draw Summoning, Renounce Religion


You were on level 4 of the Dungeon.
You worshipped Nemelex Xobeh.
Nemelex Xobeh was aware of your devotion.
You were not hungry.

You visited 1 branch of the dungeon, and saw 4 of its levels.

You collected 98 gold pieces.

Inventory:

Hand Weapons
 a - a +0 war axe (weapon)
Armour
 b - a +0 scale mail (worn)
 c - a +0 shield (worn)
 g - a +1 pair of gloves (worn)
Scrolls
 d - 2 scrolls of identify {unknown}
 e - a scroll of enchant weapon {unknown}
 f - 2 scrolls of fear {unknown}
 h - 4 scrolls of amnesia {unknown}
 i - a scroll of teleportation {unknown}
 j - a scroll of immolation {unknown}
 k - a scroll of blinking {unknown}
 l - a scroll of remove curse {unknown}
 m - 2 scrolls of noise {unknown}


   Skills:
 + Level 5.4 Fighting
 - Level 1.5 Axes
 + Level 4.4 Armour
 - Level 2.4 Shields


You had 5 spell levels left.
You didn't know any spells.
Your spell library was empty.

Dungeon Overview and Level Annotations

Branches:
Dungeon (4/15)
 Temple: D:4-7

Altars:
Elyvilon
Gozag
Nemelex Xobeh
Okawaru
Sif Muna
Wu Jian
The Shining One

Annotations:
D:4 Grinder


Innate Abilities, Weirdness & Mutations

You do not eat or drink.
Your flesh is vulnerable to fire.
You are immune to poison.
Your flesh is cold resistant. (rC+)
You are immune to negative energy. (rN+++)
You are immune to unholy pain and torment.
You can survive without breathing.


Message History

Aiming: Scattershot
Press: ? - help, Shift-Dir - straight line, f - orc warrior
Aim: an orc warrior, wielding a +0 halberd and wearing a +0 chain mail The burst of metal fragments hits the worker ant. x2
The burst of metal fragments hits the orc warrior but does no damage.
The worker ant is heavily wounded.
The orc warrior closely misses you.
Aiming: Scattershot
Press: ? - help, Shift-Dir - straight line, f/p - orc warrior
Aim: an orc warrior, wielding a +0 halberd and wearing a +0 chain mail The burst of metal fragments hits the worker ant but does no damage.
The burst of metal fragments hits the orc warrior but does no damage. x2
The burst of metal fragments hits the worker ant.
The worker ant is severely wounded.
The now-empty wand crumbles to dust.
The orc warrior hits you with a +0 halberd!
You hit the orc warrior but do no damage.
The orc warrior hits you with a +0 halberd!!
You die...
Your body disappears without a glow.

.........o..#..........
..........###..........
........#.#.5.........
........#.#..........
........#.o........
........##os.......
........##a####.... ##########o#
.. #@# #÷## . #####).### #
#........#....# ### #
###########........#....# ..# #
#..................#....# #.###
#............#....##....# .#.#..
#............#.....#....##.#.#..
#............#.....#.......#.#..


You could see Grinder, an orc warrior, a worker ant, an orc priest, an orc and a
giant cockroach.

Vanquished Creatures
  An ogre (D:4)
  An orc wizard (D:4)
  An orc priest (D:4)
  Natasha (thrice) (D:3)
  4 adders
  2 oozes
  An adder skeleton (D:4)
  2 worms
  A dart slug (D:2)
  4 orcs
  5 bats
  A giant cockroach (D:2)
  2 hobgoblins
  3 jackals (D:4)
  A quokka (D:3)
  4 ball pythons
  4 frilled lizards
  6 goblins
  5 kobolds
  A quokka skeleton (D:4)
  2 rats (D:1)
54 creatures vanquished.

Notes
Turn   | Place    | Note
-------+----------+-------------------------------------------
     0 | D:1      | Felnil the Mummy Fighter began the quest for the Orb.
     0 | D:1      | Reached XP level 1. HP: 18/18 MP: 1/1
   375 | D:1      | Reached XP level 2. HP: 20/24 MP: 2/2
   602 | D:2      | Found an opulent altar of Gozag.
   769 | D:2      | Found a sparkling altar of Nemelex Xobeh.
   780 | D:2      | Became a worshipper of Nemelex Xobeh the Trickster
   919 | D:2      | Found an opulent altar of Gozag.
   930 | D:2      | Found a white marble altar of Elyvilon.
  1029 | D:2      | Reached XP level 3. HP: 22/30 MP: 3/3
  1108 | D:2      | Received a gift from Nemelex Xobeh
  1208 | D:2      | Found a deep blue altar of Sif Muna.
  1225 | D:2      | Found a glowing golden altar of the Shining One.
  1361 | D:3      | Found a faded altar of an unknown god.
  1379 | D:3      | Reached skill level 4 in Fighting
  1488 | D:3      | Noticed Natasha
  1498 | D:3      | Killed Natasha
  1498 | D:3      | Reached XP level 4. HP: 17/37 MP: 4/4
  1826 | D:3      | Found an ornate altar of the Wu Jian Council.
  1888 | D:3      | Noticed Natasha
  1894 | D:3      | Killed Natasha
  2166 | D:3      | Noticed Natasha
  2177 | D:3      | Killed Natasha
  2177 | D:3      | Reached XP level 5. HP: 16/43 MP: 5/5
  2594 | D:4      | Noticed an ogre
  2603 | D:4      | Killed an ogre
  2603 | D:4      | Reached skill level 5 in Fighting
  2622 | D:4      | Reached * piety under Nemelex Xobeh
  2645 | D:4      | Found an iron altar of Okawaru.
  2679 | D:4      | Reached XP level 6. HP: 21/51 MP: 6/6
  2881 | D:4      | Noticed Grinder
  2884 | D:4      | Noticed an orc warrior
  2890 | D:4      | Paralysed by Grinder for 7 turns
  2919 | D:4      | Slain by an orc warrior

Skill      XL: |  1  2  3  4  5 |
---------------+----------------+-----
Armour         | 3 4 |  4.4
Fighting       | 4 5 |  5.4
Axes           | |  1.5
Shields        | |  2.4

Action                   |  1- 3 |  4- 6 || total
-------------------------+-------+-------++-------
Melee: War axe           |    99 |    90 ||   189
Evoke: Wand              |       |     4 ||     4
Armor: Scale mail        |    70 |    26 ||    96
Dodge: Dodged            |    36 |    30 ||    66
Block: Shield            |    51 |    50 ||   101
